AoeStats
← Mandingo

Arena

510143284Analyzed
4v4 RM · 2d ago on Sep 29, 2026· 68m 54s· 8 players
Game mode
Random Map
Map size
Large (8 player)
Population
200
Speed
Normal
Resources
Standard
Victory
Conquest
Starting age
Dark Age
Ending age
Imperial Age
RankedLock teamsTeams togetherTeam positionsShared explorationLock speedFull tech treeHidden civsTurbo modeCheats
Victory
Defeat
🇲🇽 Persians · Mexico
1248
+13
🇨🇦 Bengalis · Canada
1161
+17
🇺🇸 Hindustanis · United States
1113
+18
🇩🇪 Shu · Germany
1107
+18
🇬🇧 Celts · United Kingdom
1202
-18
🇨🇳 Teutons · China
1190
-17
🇫🇷 Hindustanis · France
1183
-17
🇹🇼 Vietnamese · Taiwan
1115
-14
relax
10:59 Feudal Age
10:51 Loom
14:44 Castle Age
13:01 Double-Bit Axe
16:09 Wheelbarrow
20:34 Hand Cart
22:07 Bow Saw
22:48 Gold Mining
23:01 Elite Skirmisher
24:10 Fletching
24:15 Horse Collar
24:46 Bodkin Arrow
25:14 Padded Archer Armor
27:03 Leather Archer Armor
28:09 Ballistics
27:38 Pikeman
28:19 Squires
28:22 Scale Mail Armor
29:24 Chain Mail Armor
33:11 Imperial Age
31:21 Stone Mining
31:42 Heavy Plow
33:59 Fortified Wall
34:00 Masonry
33:45 Town Watch
34:38 Stone Shaft Mining
35:06 Two-Man Saw
34:38 Crop Rotation
33:39 Halberdier
33:55 Imperial Skirmisher
37:15 Chemistry
36:21 Siege Engineers
36:15 Arson
37:04 Ring Archer Armor
37:05 Plate Mail Armor
37:32 Conscription
37:40 Crenellations
37:30 Town Patrol
39:13 Forging
42:24 Iron Casting
45:01 Blast Furnace
55:41 Elite Teutonic Knight
58:20 Ironclad
64:59 Hoardings
3345678
10:30 Feudal Age
14:40 Castle Age
12:49 Double-Bit Axe
15:44 Bow Saw
20:31 Gold Mining
20:34 Stone Mining
24:16 Horse Collar
26:50 Wheelbarrow
27:54 Loom
27:56 Town Watch
31:08 Imperial Age
28:59 Hand Cart
29:20 Fletching
29:31 Padded Archer Armor
29:44 Forging
29:34 Scale Mail Armor
29:39 Scale Barding Armor
30:23 Bodkin Arrow
29:57 Pikeman
30:37 Squires
30:23 Arson
30:04 Elite Skirmisher
32:13 Paper Money
32:03 Halberdier
34:12 Two-Man Saw
33:49 Ballistics
33:10 Treadmill Crane
33:40 Bracer
33:55 Leather Archer Armor
34:04 Imperial Skirmisher
35:43 Leather Archer Armor
37:30 Iron Casting
37:10 Chain Mail Armor
37:30 Iron Casting
37:27 Ring Archer Armor
39:33 Chemistry
39:09 Elite Fire Lancer
40:21 Plate Mail Armor
51:06 Thumb Ring
jorvikshungite
0:39 Loom
11:15 Feudal Age
11:45 Double-Bit Axe
18:19 Castle Age
16:42 Scale Mail Armor
17:45 Forging
18:35 Pikeman
20:02 Gambesons
23:27 Man-at-Arms
24:38 Chain Mail Armor
25:17 Horse Collar
26:15 Arson
28:04 Iron Casting
28:10 Long Swordsman
30:32 Wheelbarrow
32:57 Gold Mining
34:02 Bow Saw
36:10 Hand Cart
36:21 Fletching
38:19 Gold Shaft Mining
42:12 Imperial Age
39:57 Bodkin Arrow
40:26 Town Watch
40:55 Heavy Plow
41:17 Stronghold
42:41 Masonry
42:47 Onager
45:37 Plate Mail Armor
46:42 Conscription
48:54 Blast Furnace
48:29 Fortified Wall
50:28 Furor Celtica
50:59 Siege Onager
Frodon le Hobbit
6:45 Loom
14:40 Feudal Age
19:12 Castle Age
17:12 Double-Bit Axe
17:10 Horse Collar
17:45 Gold Mining
18:19 Stone Mining
21:56 Bow Saw
22:08 Heavy Plow
23:30 Bloodlines
25:08 Padded Archer Armor
26:36 Leather Archer Armor
27:10 Forging
31:35 Imperial Age
29:18 Squires
30:09 Wheelbarrow
31:38 Gold Shaft Mining
31:59 Iron Casting
31:27 Scale Mail Armor
32:06 Scale Barding Armor
32:14 Heavy Camel Rider
34:56 Two-Man Saw
34:26 Town Watch
34:13 Imperial Camel Rider
34:22 Elite Ghulam
35:41 Chain Barding Armor
35:44 Husbandry
37:29 Chemistry
36:51 Ballistics
38:05 Blast Furnace
38:32 Plate Barding Armor
37:23 Pikeman
38:54 Hand Cart
39:37 Murder Holes
40:13 Chain Mail Armor
41:18 Ring Archer Armor
41:17 Conscription
44:02 Light Cavalry
44:28 Light Cavalry
45:19 Hussar
55:09 Fletching
55:14 Elite Skirmisher
55:56 Bodkin Arrow
56:24 Imperial Skirmisher
57:07 Bracer
EARLYRUSH
9:42 Feudal Age
11:10 Wheelbarrow
14:45 Castle Age
13:11 Double-Bit Axe
13:43 Horse Collar
19:52 Heavy Plow
21:38 Bow Saw
21:28 Gold Mining
22:20 Stone Mining
27:33 Imperial Age
26:13 Gold Shaft Mining
26:17 Fortified Wall
27:57 Hand Cart
29:35 Two-Man Saw
29:45 Chemistry
30:01 Stone Shaft Mining
30:32 Conscription
30:16 Grand Trunk Road
31:26 Shatagni
33:03 Husbandry
33:13 Bloodlines
33:11 Thumb Ring
33:10 Padded Archer Armor
33:36 Ballistics
36:59 Light Cavalry
37:44 Heavy Camel Rider
39:31 Scale Barding Armor
39:17 Fletching
40:53 Forging
40:53 Hussar
46:29 Chain Barding Armor
46:05 Bodkin Arrow
47:16 Iron Casting
49:53 Plate Barding Armor
54:55 Blast Furnace
53:55 Bracer
54:11 Leather Archer Armor
54:26 Siege Elephant
59:01 Elite Skirmisher
Mandingo
11:29 Feudal Age
15:48 Castle Age
14:13 Double-Bit Axe
14:38 Horse Collar
17:17 Bow Saw
17:13 Heavy Plow
22:30 Gold Mining
24:15 Gold Shaft Mining
28:49 Imperial Age
26:22 Fletching
27:12 Wheelbarrow
27:27 Bodkin Arrow
27:32 Padded Archer Armor
28:16 Scale Barding Armor
28:45 Husbandry
28:55 Bloodlines
29:10 Ballistics
29:52 Hand Cart
29:25 Loom
29:07 Elite Elephant Archer
30:59 Chemistry
30:31 Chain Barding Armor
31:33 Crop Rotation
31:23 Leather Archer Armor
31:40 Bracer
34:23 Two-Man Saw
34:31 Ring Archer Armor
34:42 Plate Barding Armor
35:19 Conscription
36:10 Man-at-Arms
37:01 Forging
36:52 Scale Mail Armor
37:18 Masonry
37:04 Murder Holes
36:57 Long Swordsman
37:23 Gambesons
37:39 Squires
38:46 Iron Casting
37:54 Two-Handed Swordsman
38:51 Arson
39:22 Chain Mail Armor
38:51 Champion
41:29 Blast Furnace
47:52 Architecture
47:27 Siege Engineers
51:32 Town Watch
53:09 Stone Mining
55:16 Siege Elephant
DSLG | Rommel
4:53 Loom
9:05 Feudal Age
16:10 Castle Age
14:46 Double-Bit Axe
14:45 Horse Collar
17:33 Bow Saw
25:58 Scale Barding Armor
26:01 Stone Mining
26:47 Gold Mining
27:52 Wheelbarrow
27:21 Heavy Plow
28:20 Gold Shaft Mining
28:09 Bloodlines
28:00 Husbandry
29:09 Forging
30:08 Hand Cart
30:33 Iron Casting
30:20 Chain Barding Armor
33:39 Imperial Age
31:59 Devotion
31:59 Town Watch
34:09 Stone Shaft Mining
34:58 Blast Furnace
34:35 Plate Barding Armor
34:23 Conscription
34:02 Elite War Elephant
35:49 Two-Man Saw
35:21 Crop Rotation
38:51 Town Patrol
41:33 Masonry
42:24 Chemistry
41:53 Citadels
41:39 Fletching
46:30 Bodkin Arrow
46:36 Scale Mail Armor
47:53 Gambesons
48:09 Squires
47:29 Pikeman
47:55 Arson
48:30 Chain Mail Armor
59:54 Halberdier
59:59 Light Cavalry
61:42 Halberdier
66:17 Guilds
66:38 Coinage
Panzarx
8:03 Loom
10:38 Feudal Age
15:39 Castle Age
14:16 Double-Bit Axe
14:40 Horse Collar
22:53 Imperial Age
20:59 Fletching
21:07 Crossbowman
22:06 Bodkin Arrow
24:12 Padded Archer Armor
26:21 Wheelbarrow
26:24 Leather Archer Armor
29:07 Ballistics
31:51 Bow Saw
32:12 Gold Mining
32:15 Stone Mining
32:28 Arbalester
32:42 Elite Skirmisher
35:10 Chemistry
34:48 Town Watch
35:31 Thumb Ring
38:11 Two-Man Saw
37:16 Heavy Plow
39:06 Gold Shaft Mining
39:13 Bolt Magazine
39:34 Conscription
40:40 Bracer
41:11 Ring Archer Armor
41:12 Murder Holes
40:59 Treadmill Crane
41:30 Masonry
42:37 Hoardings
43:46 Caravan
45:56 Capped Ram
48:03 Pikeman
48:44 Squires
48:45 Scale Mail Armor
48:56 Forging
49:39 Siege Ram
51:05 Arson
57:09 Chain Mail Armor
58:03 Architecture
58:43 Plate Mail Armor
58:55 Elite White Feather Guard
65:58 Coiled Serpent Array
Connection lost

Rejoining the realm…

Still unreachable

The connection could not be restored.

Session expired

The server has moved on; the page needs a fresh start.